 Dungeon Crawl Stone Soup version 0.31-a0-182-gc5ef74bbde (webtiles) character file.

Game seed: 3836465972729341278

282 qw the Chopper (level 6, -8/38 HPs)
             Began as a Gargoyle Fighter on June 21, 2023.
             Engulfed by an orc wizard's steam (10 damage)
             ... on level 3 of the Dungeon.
             The game lasted 00:01:37 (2872 turns).

qw the Chopper (Gargoyle Fighter)                   Turns: 2872, Time: 00:01:38

Health: -8/38      AC: 15    Str: 22    XL:     6   Next: 28%
Magic:  6/6        EV:  9    Int:  8    God:
Gold:   182        SH:  4    Dex:  9    Spells: 5/5 levels left

rFire   . . .        Y - +0 war axe
rCold   . . .        c - +0 buckler
rNeg    + . .        b - +0 scale mail
rPois   inf          k - +2 hat
rElec   +            e - +0 cloak
rCorr   .            (no gloves)
SInv    +            i - +0 pair of boots
Will    .....        (no amulet) Stlth
                     q - ring of see invisible
HPRegen 0.26/turn    (no ring)
MPRegen 0.10/turn

%: no passive effects
@: very slow
A: sickness immunity, AC +4, negative energy resistance 1, electricity
resistance, torment resistance 1, petrification resistance
a: no special abilities


You were on level 3 of the Dungeon.
You visited 1 branch of the dungeon, and saw 3 of its levels.

You collected 182 gold pieces.


Innate Abilities, Weirdness & Mutations

You are immune to sickness and miasma.
Your stone body is resilient. (AC +4)
You are immune to poison.
You resist negative energy. (rN+)
You are resistant to electric shocks. (rElec)
You are resistant to unholy torment.
You are immune to petrification.


   Skills:
 - Level 4.0 Fighting
 + Level 5.3 Axes
 - Level 3.2 Armour
 - Level 1.0 Dodging
 - Level 3.2 Shields


You had 5 spell levels left.
You didn't know any spells.
Your spell library was empty.

Inventory:

Hand Weapons
 n - a +3 mace of draining
 x - a +0 mace
 Y - a +0 war axe (weapon)
Missiles
 t - 5 boomerangs (quivered)
Armour
 b - a +0 scale mail (worn)
 c - a +0 buckler (worn)
 e - a +0 cloak (worn)
 i - a +0 pair of boots (worn)
 k - a +2 hat (worn)
 o - a +0 chain mail
Jewellery
 f - a ring of wizardry
 q - a ring of see invisible (left hand)
 v - a ring of fire
Scrolls
 a - a scroll of identify
 s - a scroll of teleportation {unknown}
 u - a scroll of fog {unknown}
 w - a scroll of poison {unknown}
Potions
 d - a potion of might
 g - a potion of invisibility {unknown}
 h - 2 potions of curing {unknown}
 j - a potion of lignification
 m - a potion of mutation {unknown}
 p - a potion of attraction {unknown}
 r - a potion of enlightenment {unknown}

Dungeon Overview and Level Annotations

Branches:
Dungeon (3/15)

Altars:
Nemelex Xobeh
Qazlal
Sif Muna
Xom


Message History

You slash the orc wizard!
The orc wizard is severely wounded.
The orc wizard hits you but does no damage.
You hit the orc wizard.
The orc wizard is almost dead.
The orc wizard hits you but does no damage.
The orc wizard casts a spell at you.
The magic dart hits you but does no damage.
You miss the orc wizard.
The orc wizard is almost dead.
The orc wizard gestures at you while chanting.
The magic dart hits you but does no damage.
You hit the orc wizard but do no damage.
The orc wizard is almost dead.
The orc wizard hits you with a +0 dagger.
You barely miss the orc wizard.
The orc wizard is almost dead.
The orc wizard hits you but does no damage.
The orc wizard closely misses you.
You closely miss the orc wizard.
The orc wizard is almost dead.
You block the orc wizard's attack.
Your unstable footing causes you to fumble your attack.
The orc wizard closely misses you.
You barely miss the orc wizard.
The orc wizard is almost dead.
The orc wizard hits you but does no damage.
You hit the orc wizard.
You kill the orc wizard!
The orc wizard gestures at you while chanting.
The puff of flame hits you but does no damage.
Your unstable footing causes you to fumble your attack.
You are engulfed in a cloud of scalding steam.
The orc wizard hits you with a +0 dagger.
Your unstable footing causes you to fumble your attack.
You are engulfed in a cloud of scalding steam.
The orc wizard hits you but does no damage.
You miss the orc wizard.
You are engulfed in a cloud of scalding steam.
You die... #.....##....# ¤¤¤¤¤¤ ######.....##....# ¤¤¤¤¤¤ #..........##....## ¤¤¤¤¤¤

#########..)......###¤¤¤¤¤¤
###~#####.......#¤¤¤¤¤¤
##~~~~~###...(##.#######
##~~~~~~~##..........##..
#~~....~~~#....###.......
#~.####~@~###.##...#.#)##
#~~##..##8o8.8....###.#.#
#~ #_.. '....[...## #...#
##..##8.8.8##.####..##
####~~~#####.##....#
~....~~~##.........##
#~~~~~~~##...........###
~~~~~###........##...#
##~###........#...##..


You could see an orc wizard (invisible).

Vanquished Creatures
  An orc priest (D:3)
  2 orc wizards (D:3)
  Terence (D:3)
  Robin (D:2)
  6 adders
  4 worms
  2 dart slugs
  6 orcs (D:3)
  8 ball pythons
  7 endoplasms
  2 giant cockroaches
  15 goblins
  6 hobgoblins
  6 jackals
  4 quokkas
  5 bats
  4 frilled lizards
  6 kobolds
  5 rats
91 creatures vanquished.

Notes
Turn   | Place    | Note
-------+----------+-------------------------------------------
     0 | D:1      | qw the Gargoyle Fighter began the quest for the Orb.
     0 | D:1      | Reached XP level 1. HP: 14/14 MP: 1/1
     0 | D:1      | 0 ||| qw: Version: 0.3-a-9-g12657ce
     0 | D:1      | 0 ||| qw: Game counter: 1552
     0 | D:1      | 0 ||| qw: Always use a shield: true
     0 | D:1      | 0 ||| qw: God list: Okawaru
     0 | D:1      | 0 ||| qw: Allow faded altars: false
     0 | D:1      | 0 ||| qw: Do Orc after D:15 true
     0 | D:1      | 0 ||| qw: Do second Lair branch before Depths: true
     0 | D:1      | 0 ||| qw: Lair rune preference: random
     0 | D:1      | 0 ||| qw: Plans: Normal, Zot:1-4, Slime:5, God:TSO, Crypt,
                  | Tomb, Abyss, Pan, Hells, Win
     0 | D:1      | 0 ||| PLANNING D:1-11
   148 | D:1      | 148 ||| Stepping ~*~*~tactically~*~*~ (stealth).
   152 | D:1      | Reached skill level 2 in Axes
   343 | D:1      | Reached XP level 2. HP: 19/19 MP: 2/2
   833 | D:1      | Reached skill level 3 in Axes
   908 | D:1      | 908 ||| UPGRADING to +0 pair of boots.
   913 | D:1      | 913 ||| UPGRADING to +2 hat.
   918 | D:1      | 918 ||| UPGRADING to ring of see invisible.
   919 | D:1      | 919 ||| READING 2 scrolls labelled NAUDESUGEY.
   920 | D:1      | 920 ||| READING scroll labelled TIRAONW COADD.
   921 | D:1      | 921 ||| READING 2 scrolls labelled BIVVEOWOPAYGH.
   922 | D:1      | 922 ||| READING scroll labelled NALUKHL JAXKO.
   923 | D:1      | 923 ||| READING scroll labelled JITWANLEYJ.
   933 | D:1      | 933 ||| DROPPING scroll of blinking.
   971 | D:2      | Reached XP level 3. HP: 23/23 MP: 3/3
  1013 | D:2      | 1013 ||| Stepping ~*~*~tactically~*~*~ (stealth).
  1052 | D:2      | 1052 ||| Stepping ~*~*~tactically~*~*~ (stealth).
  1081 | D:2      | 1081 ||| Stepping ~*~*~tactically~*~*~ (hiding).
  1150 | D:2      | 1150 ||| Stepping ~*~*~tactically~*~*~ (stealth).
  1151 | D:2      | 1151 ||| Stepping ~*~*~tactically~*~*~ (stealth).
  1152 | D:2      | 1152 ||| Stepping ~*~*~tactically~*~*~ (stealth).
  1153 | D:2      | 1153 ||| Stepping ~*~*~tactically~*~*~ (stealth).
  1154 | D:2      | 1154 ||| Stepping ~*~*~tactically~*~*~ (stealth).
  1155 | D:2      | 1155 ||| Stepping ~*~*~tactically~*~*~ (stealth).
  1157 | D:2      | 1157 ||| Stepping ~*~*~tactically~*~*~ (stealth).
  1170 | D:2      | Reached XP level 4. HP: 28/28 MP: 4/4
  1293 | D:2      | Found a sparkling altar of Nemelex Xobeh.
  1303 | D:2      | Noticed Robin
  1309 | D:2      | Reached skill level 4 in Axes
  1328 | D:2      | Killed Robin
  1821 | D:2      | 1821 ||| READING scroll labelled XUACHA IVUDUAQ.
  1822 | D:2      | 1822 ||| READING scroll labelled AWKYHOQAGH.
  1923 | D:2      | 1923 ||| READING scroll labelled KUYTRU CAPNULI.
  1924 | D:2      | 1924 ||| DRINKING 2 lumpy inky potions.
  2019 | D:3      | Found a faded altar of an unknown god.
  2020 | D:3      | Noticed a floating eye
  2022 | D:3      | Noticed a shining eye
  2028 | D:3      | Noticed a golden eye
  2047 | D:3      | Reached XP level 5. HP: 31/32 MP: 5/5
  2055 | D:3      | Noticed a great orb of eyes
  2137 | D:3      | 2137 ||| Stepping ~*~*~tactically~*~*~ (stealth).
  2145 | D:3      | Found a shimmering altar of Xom.
  2152 | D:3      | Reached skill level 5 in Axes
  2155 | D:3      | HP: 2/32 [orc priest/divine providence (10)]
  2225 | D:3      | 2225 ||| FLEEEEING.
  2269 | D:3      | 2269 ||| Stepping ~*~*~tactically~*~*~ (stealth).
  2271 | D:3      | 2271 ||| Stepping ~*~*~tactically~*~*~ (stealth).
  2409 | D:3      | Found a stormy altar of Qazlal.
  2581 | D:3      | Noticed Terence
  2590 | D:3      | Killed Terence
  2591 | D:3      | Reached skill level 1 in Dodging
  2591 | D:3      | Reached XP level 6. HP: 38/38 MP: 6/6
  2824 | D:3      | 2824 ||| DROPPING +0 club.
  2845 | D:3      | Found a shimmering blue altar of Sif Muna.
  2852 | D:3      | 2852 ||| UPGRADING to +0 cloak.
  2870 | D:3      | HP: 8/38 [orc wizard/+0 dagger (3)]
  2871 | D:3      | HP: 2/38 [orc wizard] (6)]
  2872 | D:3      | Engulfed by an orc wizard's steam

Levels and vault maps discovered:
D:1:      giann_horns, layout_loops_corners
D:2:      minmay_spotlight, layout_rooms, basic_altar, minmay_surrounded,
          uniq_robin
D:3:      layout_rooms, lemuel_tele_altar, kennysheep_orc_sif_temple,
          nicolae_qazlal_eye_of_the_storm,
          hellmonk_ecumenical_altar_watching_god, serial_rivers,
          chequers_serial_rivers_marsh, chequers_serial_rivers_small_3,
          chequers_serial_rivers_large_b, chequers_serial_rivers_small_a,
          dreamdust_princess_bridge, uniq_terence

Skill      XL: |  1  2  3  4  5 |
---------------+----------------+-----
Axes           | 2 3 4 5 |  5.3
Fighting       | 4 |  4.0
Dodging        | 1 |  1.0
Armour         | |  3.2
Shields        | |  3.2

Action                     |  1- 3 |  4- 6 || total
---------------------------+-------+-------++-------
  Melee: War axe           |   108 |   160 ||   268
  Throw: Boomerang         |       |    19 ||    19
    Use: Scroll            |     5 |     3 ||     8
         Potion            |       |     1 ||     1
 Armour: Scale mail        |    58 |    87 ||   145
  Dodge: Dodged            |    49 |    71 ||   120
  Block: Buckler           |    19 |    30 ||    49

Table legend:
 A = Non-vault XP
 B = Vault XP
 C = Vault XP percentage of total XP
 D = Non-vault monster count
 E = Vault monster count
 F = Vault count percentage of total count
                 A         B        C        D         E       F
            +---------+---------+-------+---------+---------+-------
      Total |     264 |     140 |  34.7 |      68 |      23 |  25.3
            +---------+---------+-------+---------+---------+-------
        D:1 |      30 |       0 |   0.0 |      18 |       0 |   0.0
        D:2 |      65 |      62 |  48.8 |      23 |      20 |  46.5
        D:3 |     169 |      78 |  31.6 |      27 |       3 |  10.0
            +---------+---------+-------+---------+---------+-------
